 Dungeon Crawl Stone Soup version 0.28-a0-1404-g4df0f3684d (webtiles) character file.

Game seed: 9853777488049574687

1243 kae the Changer (level 8, -3/70 HPs)
             Began as a Black Draconian Transmuter on Jan 5, 2022.
             Was an Initiate of Ru.
             Slain by Maggie (9 damage)
             ... on level 6 of the Dungeon.
             The game lasted 00:05:52 (5488 turns).

kae the Changer (Black Draconian Transmuter)        Turns: 5488, Time: 00:05:52

Health: -3/70      AC:  7    Str: 18    XL:     8   Next: 25%
Magic:  12/15      EV: 10    Int: 16    God:    Ru [......]
Gold:   353        SH:  0    Dex: 12    Spells: 9/17 levels left

rFire   . . .      SeeInvis .     - Unarmed
rCold   + + +      Faith    .   (shield currently unavailable)
rNeg    . . .      Spirit   .   (armour unavailable)
rPois   +          Reflect  .   (helmet currently unavailable)
rElec   .          Harm     .   (cloak currently unavailable)
rCorr   .          Rampage  .   (gloves currently unavailable)
Will    .....                   (boots currently unavailable)
Stlth   +.........              (no amulet)
HPRegen 0.21/turn               a - +6 ring of strength
MPRegen 0.14/turn               h - ring of protection from fire

@: ice-form, mesmerised
A: freezing attack, amphibious, boosted hp, (breathe lightning), AC +6, large,
unfitting armour, (electricity resistance), (cold-blooded)
a: End Transformation, Renounce Religion


You were on level 6 of the Dungeon.
You worshipped Ru.
Ru was noncommittal.
You were a creature of crystalline ice.
You visited 1 branch of the dungeon, and saw 6 of its levels.
You also visited: Sewer.

You collected 353 gold pieces.

Inventory:

Jewellery
 a - a +6 ring of strength (left front paw)
 d - an amulet of faith
 h - a ring of protection from fire (right front paw)
Wands
 i - a wand of iceblast (7)
Scrolls
 f - a scroll of teleportation
 k - a scroll of identify
Potions
 b - 4 potions of curing
 c - 2 potions of might
 e - 2 potions of mutation
 g - a potion of berserk rage
 j - a potion of flight
 l - a potion of attraction
 n - a potion of invisibility
 o - a potion of magic


   Skills:
 - Level 1.1 Fighting
 - Level 1.7 Dodging
 - Level 3.0 Unarmed Combat
 + Level 5.0 Spellcasting
 * Level 7.6 Transmutations
 + Level 3.8 Ice Magic
 - Level 1.0 Poison Magic


You had 9 spell levels left.
You knew the following spells:

 Your Spells              Type           Power      Damage    Failure   Level
a - Beastly Appendage     Tmut           56%        N/A       1%          1
b - Spider Form           Tmut/Pois      17%        N/A       8%          3
c - Ice Form              Ice/Tmut       22%        N/A       14%         4

Your spell library contained the following spells:

 Spells                   Type           Power      Damage    Failure   Level
 Wereblood                Tmut           28%        N/A       1%          2
 Shock                    Conj/Air       16%        1d4       16%         1
 Stone Arrow              Conj/Erth      8%         3d7       41%         3
 Swiftness                Air            4%         N/A       41%         3
 Airstrike                Air            2%         N/A       83%         4
 Summon Mana Viper        Hex/Summ       4%         N/A       99%         5
 Lehudib's Crystal Spear  Conj/Erth      2%         10d2      100%        8
 Animate Armour           Summ/Erth      Unusable   N/A       N/A         4

Dungeon Overview and Level Annotations

Branches:
Dungeon (6/15)              Sewer (visited)
 Temple: D:4-7

Altars:
Ru

Shops:
D:4 !

Annotations:
D:6 Maggie


Innate Abilities, Weirdness & Mutations

You are a creature of crystalline ice.
You have a powerful freezing melee attack.
You are amphibious.
Your maximum health is increased.
Your armour is entirely melded.
You are incapable of wielding weapons or throwing items.
((You can breathe wild blasts of lightning.))
((Your glossy black scales are hard. (AC +6)))
You cannot fit into any form of body armour.
((You are resistant to electric shocks. (rElec)))
((You are cold-blooded and may be slowed by cold attacks.))


Message History

Maggie smiles, but it's obviously fake.
There are monsters nearby!
There are monsters nearby!
There are monsters nearby!
Maggie says, "Fear not.
I will immortalize you in the tale of my first kill."
Maggie points at you and mumbles some strange words.
The bolt of fire misses you.
Maggie gestures wildly while chanting.
Maggie attempts to bespell you! You resist with almost no effort.
Maggie gestures wildly while chanting.
Maggie attempts to bespell you!
You are mesmerised by Maggie!
You see here a +0 dagger.
You cannot move away from Maggie!
You cannot move away from Maggie!
Maggie casts a spell at you. The bolt of fire hits you. You resist.
Casting: Ice Form (dangerous; 14% risk of failure)
Confirm with . or Enter, or press ? or * to list all spells.
You turn into a creature of crystalline ice.
The iguana hisses angrily.
Maggie gestures at you while chanting. The bolt of fire hits you!!
You see here an iguana corpse.
You punch Maggie! You freeze Maggie.
Maggie is lightly wounded.
Maggie hits you with a +1 broad axe of flaming!
Maggie melts you.
You hit Maggie. You freeze Maggie.
Maggie is moderately wounded.
Maggie barely misses you.
You punch Maggie! You freeze Maggie.
Maggie is heavily wounded.
The iguana completely misses you.
You barely miss Maggie.
Maggie is heavily wounded.
Maggie hits you with a +1 broad axe of flaming!!
* * * LOW HITPOINT WARNING * * *
Maggie melts you!
You die...

#........ l......
.......#.........
....?............
.......#........
............#
..........#####
...###.............
..$.....@/........
##......lY.....#
#......)...>..######
..........).....<....
##.##...............#
#. #.#......<...(..#
. #.#......(.......
..#.............. #.
#..............
................


You could see Maggie (mesmerising) and an iguana.

Vanquished Creatures
  A water moccasin (D:3)
  A sky beast (D:5)
  A black bear (D:5)
  A necrophage (D:5)
  An ogre (D:4)
  Blork the orc (D:5)
  A bullfrog (D:6)
  2 scorpions
  A water moccasin zombie (D:6)
  A jelly (D:4)
  4 hounds
  2 iguanas (D:6)
  An orc wizard (D:5)
  4 gnolls
  6 adders
  2 river rats (Sewer)
  A shadow imp (D:6)
  2 white imps
  2 adder skeletons
  2 worms
  2 dart slugs
  8 orcs
  16 ball pythons
  5 bats
  6 endoplasms
  5 giant cockroaches
  5 goblins
  5 hobgoblins
  4 quokkas
  9 frilled lizards
  8 kobolds
  11 rats
121 creatures vanquished.

Notes
Turn   | Place    | Note
-------+----------+-------------------------------------------
     0 | D:1      | kae the Draconian Transmuter began the quest for the Orb.
     0 | D:1      | Reached XP level 1. HP: 16/16 MP: 3/3
   158 | D:1      | Reached XP level 2. HP: 23/23 MP: 3/5
   580 | D:1      | Reached skill level 3 in Transmutations
   592 | D:1      | Got the Almanac of Ensnaring Stones
   758 | D:2      | Reached XP level 3. HP: 26/28 MP: 4/6
   799 | D:2      | Found a faded altar of an unknown god.
  1607 | D:3      | Noticed a water moccasin
  1617 | D:3      | Killed a water moccasin
  1618 | D:3      | Reached skill level 4 in Transmutations
  1618 | D:3      | Reached XP level 4. HP: 30/35 MP: 6/8
  1618 | D:3      | Reached XP level 5. HP: 35/40 MP: 6/9
  1622 | D:3      | Learned a level 3 spell: Spider Form
  1627 | D:3      | Learned a level 4 spell: Ice Form
  1764 | D:3      | Found a glowing drain.
  1782 | Sewer    | Entered a sewer
  2803 | D:4      | Reached skill level 5 in Transmutations
  2803 | D:4      | Reached skill level 1 in Poison Magic
  2899 | D:4      | Reached skill level 1 in Ice Magic
  2899 | D:4      | Reached XP level 6. HP: 28/47 MP: 11/11
  3133 | D:4      | Found Vewkibis's Distillery.
  3570 | D:4      | Found a sacrificial altar of Ru.
  3873 | D:4      | Became a worshipper of Ru the Awakened
  3889 | D:5      | Entered Level 5 of the Dungeon
  3900 | D:5      | Your scales start taking on a glossy black colour.
  3900 | D:5      | Reached XP level 7. HP: 49/52 MP: 13/13
  3900 | D:5      | Gained mutation: You are resistant to electric shocks.
                  | (rElec) [Black Draconian growth]
  3940 | D:5      | Noticed Blork the orc
  3951 | D:5      | Killed Blork the orc
  3952 | D:5      | Reached skill level 6 in Transmutations
  4939 | D:6      | Noticed Maggie
  4944 | D:6      | Reached skill level 7 in Transmutations
  4948 | D:6      | Reached XP level 8. HP: 59/59 MP: 10/15
  5415 | D:6      | Reached skill level 5 in Spellcasting
  5488 | D:6      | Slain by Maggie

Illustrated notes

Levels and vault maps discovered:
D:1:      elethiomel_arrival_shortcut, layout_basic, minmay_misc_feat_square,
          solitary_fountain
D:2:      layout_rooms, hellmonk_ecumenical_altar_pennies_from_heaven,
          grunt_ministairs_6, kennysheep_small_spiral, minmay_pentomino_o4
D:3:      layout_loops_cross, portal_sewer_entry_f, guppyfry_early_lair_pool
D:4:      layout_rooms, amcnicky_altar_gilded, kennysheep_windowed_goal
D:5:      layout_loops_ring, ebering_dispersal_statue_hall, hex_large,
          uniq_blork_the_orc
D:6:      layout_rooms, nicolae_concentric_dashed_squares_wild, uniq_maggie

Skill      XL: |  1  2  3  4  5  6  7  8 |
---------------+-------------------------+-----
Transmutations | 3 4 5 7 |  7.6
Spellcasting   | 3 4 5 |  5.0
Poison Magic   | 1 |  1.0
Ice Magic      | 1 2 3 |  3.8
Fighting       | |  1.1
Dodging        | |  1.7
Unarmed Combat | |  3.0

Action                   |  1- 3 |  4- 6 |  7- 9 || total
-------------------------+-------+-------+-------++-------
Melee: Unarmed           |   107 |   162 |    95 ||   364
       Kick              |    22 |    28 |       ||    50
       Headbutt          |    12 |    15 |       ||    27
       Tailslap          |     5 |    11 |     1 ||    17
       Punch             |     1 |     2 |       ||     3
 Cast: Beastly Appendage |    30 |    19 |       ||    49
       Spider Form       |       |     6 |       ||     6
       Ice Form          |       |     1 |    13 ||    14
  Use: Scroll            |     5 |    10 |     2 ||    17
       Potion            |     1 |       |     1 ||     2
 Stab: Sleeping          |       |     3 |       ||     3
Armor: Skin              |    43 |    42 |    31 ||   116
Dodge: Dodged            |    79 |   134 |    52 ||   265

Table legend: (Time is in decaauts)
 A = Elapsed time spent in this place.
 B = Non-inter-level travel time spent in this place.
 C = Inter-level travel time spent in this place.
 D = Time resting spent in this place.
 E = Time spent auto-exploring this place.
 F = Levels seen in this place.
 G = Mean time per level.
                   A        B        C        D        E       F      G
               +--------+--------+--------+--------+--------+-----+--------+
         Total |   5527 |   5369 |    158 |    154 |   4293 |   7 |  789.6 |
       Dungeon |   4816 |   4658 |    158 |    154 |   3739 |   6 |  802.7 |
         Sewer |    711 |    711 |      0 |      0 |    553 |   1 |  711.0 |
               +--------+--------+--------+--------+--------+-----+--------+

Top non-repeatable levels by time:
     D:5: 1480 daAuts
     D:4: 1112 daAuts
     D:2: 753 daAuts
     D:3: 732 daAuts
   Sewer: 711 daAuts
     D:1: 623 daAuts
     D:6: 115 daAuts
